 Dungeon Sprint DCSS version 0.30-a0-451-ge042605de7 (webtiles) character file.

Game seed: 16218714735205924449

531 rocky1 the Cleaver (level 7, -7/76 (81) HPs)
             Began as an Ogre Gladiator on Dec 12, 2022.
             Was a Believer of Okawaru.
             Mangled by a wight
             ... wielding a +6 trident
              (15 damage)
             ... in the Dungeon (Sprint VII: "The Pits").
             The game lasted 00:01:47 (395 turns).

rocky1 the Cleaver (Ogre Gladiator)                  Turns: 395, Time: 00:01:48

HP:   -7/76 (81)    AC:  3    Str: 21    XL:     7   Next: 24%
MP:   9/11          EV: 12    Int:  9    God:    Okawaru [**....]
Gold: 0             SH:  0    Dex: 10    Spells: 6/6 levels left

rFire   . . .      SeeInvis .    a - +0 war axe
rCold   . . .      Faith    .    (no shield)
rNeg    . . .      Spirit   .    b - +0 robe
rPois   .          Reflect  .    c - +0 hat
rElec   .          Harm     .    (no cloak)
rCorr   .          Rampage  .    (gloves unavailable)
Will    .....      NoTele   +    (boots unavailable)
Stlth   +.........               (no amulet)
HPRegen 0.32/turn                (no ring)
MPRegen 0.12/turn                (no ring)

@: on berserk cooldown, slowed, drained, very slow
A: large, unfitting armour, tough skin 1
a: Renounce Religion, Heroism


You were in the Dungeon.
You worshipped Okawaru.
Okawaru was pleased with you.
You visited 1 branch

Inventory:

Hand Weapons
 a - a +0 war axe (weapon)
 l - a +2 hand axe
Missiles
 e - a large rock (quivered)
Armour
 b - a +0 robe (worn)
 c - a +0 hat (worn)
Scrolls
 k - a scroll of blinking
 n - 5 scrolls of amnesia
 o - a scroll of butterflies
Potions
 d - 5 potions of curing
 g - 6 potions of heal wounds
 h - a potion of haste
 i - 4 potions of magic
 j - a potion of berserk rage
 m - 2 potions of invisibility


   Skills:
 + Level 8.5 Fighting
 + Level 8.6 Axes
 + Level 6.5 Throwing
 + Level 7.6 Dodging
 + Level 5.4 Invocations


You had 6 spell levels left.
You didn't know any spells.
Your spell library was empty.

Dungeon Overview and Level Annotations

Branches:
Dungeon (1/1)

Altars:
Ashenzari
Cheibriados
Dithmenos
Elyvilon
Fedhas
Gozag
Hepliaklqana
Kikubaaqudgha
Makhleb
Nemelex Xobeh
Okawaru
Qazlal
Ru
Sif Muna
Trog
Uskayaw
Vehumet
Wu Jian
Xom
Yredelemnul
Zin
The Shining One
Jiyva
Lugonu


Innate Abilities, Weirdness & Mutations

You are too large for most types of armour.
You have tough skin. (AC +1)


Message History

You start resting.
A wight comes into view. It is wielding a +4 scimitar.
A wight is nearby!
A wight is nearby!
A wight is nearby!
You start resting.
A wight is nearby!
The wight closely misses you.
You closely miss the wight.
The bullfrog gives a loud, deep croak!
The wight misses you. The wight hits you with a +4 scimitar.
You slash the wight!
The wight is severely damaged.
A wight comes into view. It is wielding a +6 trident.
The wight hits you with a +4 scimitar. x2; You feel drained.
You slash the wight!
You destroy the wight!
Okawaru accepts your kill. The bullfrog completely misses you.
The wight barely misses you.
Your life force feels restored.
You barely miss the bullfrog.
The bullfrog hits you but does no damage.
The bullfrog hits you. The wight closely misses you. The bullfrog hits you.
The wight hits you from afar with a +6 trident!
You feel drained.
You slash the bullfrog!
The bullfrog is heavily wounded.
The bullfrog releases a deep croak.
The bullfrog closely misses you.
The wight hits you from afar with a +6 trident!
The bullfrog hits you.
You slash the bullfrog!
You kill the bullfrog!
Okawaru accepts your kill.
The wight hits you from afar with a +6 trident!
* * * LOW HITPOINT WARNING * * *
You feel drained.
* * * LOW HITPOINT WARNING * * *
The wight hits you from afar with a +6 trident!
You die...

############
#_________.#
#_________.#
#_______...#########
##########'##.......
#.?(.')))'.##......#
##########.##.......
#.)@.......รท'.......
#z#####'#####......#
#)#...#.#..##.......
#.#...#)#))#####'###
#.#...'.#))##.......
#.##)####))##.......
#.#.....#[[##.......
#z#.....#'###...<...
#.#........##.......


You could see a wight.

Vanquished Creatures
  A warg (D)
  A floating eye (D)
  A wolf (D)
  A bullfrog (D)
  2 scorpions (D)
  2 wights (D)
  An orc (D)
  An endoplasm (D)
  A hobgoblin (D)
  A kobold (D)
  A ball python (D)
  A goblin (D)
  A rat (D)
15 creatures vanquished.

Notes
Turn   | Place    | Note
-------+----------+-------------------------------------------
     0 | D        | rocky1 the Ogre Gladiator began the quest for the Orb.
     0 | D        | Reached XP level 1. HP: 22/22 MP: 1/1
    15 | D        | Found a bloodstained altar of Trog.
    15 | D        | Found a shimmering blue altar of Sif Muna.
    15 | D        | Found a viscous altar of Jiyva.
    15 | D        | Found a hazy altar of Hepliaklqana.
    15 | D        | Found an opulent altar of Gozag.
    16 | D        | Found a glowing golden altar of the Shining One.
    16 | D        | Found a glowing silver altar of Zin.
    16 | D        | Found a basalt altar of Yredelemnul.
    16 | D        | Found a shimmering altar of Xom.
    16 | D        | Found an ornate altar of the Wu Jian Council.
    16 | D        | Found a sacrificial altar of Ru.
    16 | D        | Found a stormy altar of Qazlal.
    16 | D        | Found an iron altar of Okawaru.
    16 | D        | Found a sparkling altar of Nemelex Xobeh.
    16 | D        | Found a burning altar of Makhleb.
    16 | D        | Found a blossoming altar of Fedhas.
    16 | D        | Found a white marble altar of Elyvilon.
    16 | D        | Found a shadowy altar of Dithmenos.
    16 | D        | Found a snail-covered altar of Cheibriados.
    19 | D        | Found a corrupted altar of Lugonu.
    19 | D        | Found a radiant altar of Vehumet.
    20 | D        | Found an ancient bone altar of Kikubaaqudgha.
    20 | D        | Found a hide-covered altar of Uskayaw.
    20 | D        | Found a broken altar of Ashenzari.
    28 | D        | Became a worshipper of Warmaster Okawaru
    66 | D        | Noticed a scorpion
    77 | D        | Killed a scorpion
    77 | D        | Reached * piety under Okawaru
    78 | D        | Reached skill level 5 in Axes
    78 | D        | Reached XP level 2. HP: 24/32 MP: 2/2
    78 | D        | Reached XP level 3. HP: 29/39 MP: 3/3
    78 | D        | Reached XP level 4. HP: 36/48 MP: 4/4
   267 | D        | Noticed a scorpion
   280 | D        | Reached skill level 5 in Dodging
   284 | D        | Killed a scorpion
   285 | D        | Reached skill level 5 in Fighting
   285 | D        | Reached XP level 5. HP: 44/57 MP: 5/5
   338 | D        | Noticed a warg
   338 | D        | Noticed a wolf
   340 | D        | Noticed a floating eye
   357 | D        | Killed a warg
   357 | D        | Reached ** piety under Okawaru
   358 | D        | Reached skill level 5 in Throwing
   358 | D        | Reached XP level 6. HP: 68/68 MP: 3/8
   358 | D        | Killed a floating eye
   363 | D        | Reached skill level 5 in Invocations
   367 | D        | Reached XP level 7. HP: 81/81 MP: 4/10
   395 | D        | Mangled by a wight

Illustrated notes

Levels and vault maps discovered:
D:        pitsprint [storerooms_1, entrance_room_1, metal_vault_1, armoury_1,
          mini_pit_1, grid_room_1, main_hall_1, silver_pit, the_coven_1,
          the_vestibule_1, steel_vault_5, golden_pit, hallway_of_sentries,
          crystal_vault_2, iron_vault_1, final_vault]

Skill      XL: |  1  2  3  4  5  6 |
---------------+-------------------+-----
Fighting       | 4 5 6 8 |  8.5
Dodging        | 4 5 6 7 |  7.6
Axes           | 5 6 7 8 |  8.6
Throwing       | 3 5 6 |  6.5
Invocations    | 3 5 |  5.4

Action                   |  1- 3 |  4- 6 |  7- 9 || total
-------------------------+-------+-------+-------++-------
Melee: War axe           |     6 |    30 |     6 ||    42
Throw: Throwing net      |     3 |       |       ||     3
       Large rock        |     1 |       |       ||     1
Invok: Heroism           |       |     1 |       ||     1
  Use: Potion            |     2 |     1 |       ||     3
Armor: Robe              |     3 |     1 |     1 ||     5
Dodge: Dodged            |     4 |    16 |     6 ||    26

Table legend: (Time is in decaauts)
 A = Elapsed time spent in this place.
 B = Non-inter-level travel time spent in this place.
 C = Inter-level travel time spent in this place.
 D = Time resting spent in this place.
 E = Time spent auto-exploring this place.
 F = Levels seen in this place.
 G = Mean time per level.
                   A        B        C        D        E       F      G
               +--------+--------+--------+--------+--------+-----+--------+
         Total |    416 |    395 |     21 |    215 |      0 |   1 |  416.0 |
       Dungeon |    416 |    395 |     21 |    215 |      0 |   1 |  416.0 |
               +--------+--------+--------+--------+--------+-----+--------+

Top non-repeatable levels by time:
       D: 416 daAuts
